 Dungeon Crawl Stone Soup version 0.19-a0-1920-g83281cb (webtiles) character file.

319958 poirepourri the Hoplite (level 21, 0/122 HPs)
             Began as a Gargoyle Fighter on Oct 23, 2016.
             Was a High Priest of Cheibriados.
             Slain by a white very ugly thing (51 damage)
             ... on level 2 of the Depths.
             The game lasted 01:39:34 (46184 turns).

poirepourri the Hoplite (Gargoyle Fighter)         Turns: 46184, Time: 01:39:35

Health: 0/122      AC: 46    Str: 42    XL:     21   Next: 49%
Magic:  15/29      EV: 23    Int: 17    God:    Cheibriados [*****.]
Gold:   534        SH: 22    Dex: 24    Spells: 0 memorised, 20 levels left

rFire  . . .     SeeInvis .     a - +6 shillelagh "Devastator" {shatter}
rCold  . . .     Gourm    .     g - +3 scale mail {rPois}
rNeg   + . .     Faith    .     p - +2 shield {reflect}
rPois  ∞         Spirit   .     m - +2 helmet
rElec  +         Reflect  +     N - +1 cloak
rCorr  .         Harm     .     q - +2 pair of gloves
MR     +....     Rnd*Tele +     Q - +2 pair of boots of the Assassin {DetectMon Stab+ Stlth++}
Stlth  +++.......               U - amulet of regeneration
                                D - +3 ring of strength
                                V - +5 ring of protection

@: very slow
A: big wings, dopey 2, frail 1, negative energy resistance 1, electricity
resistance, teleportitis 1, wild magic 1, unbreathing, petrification resistance,
rot immunity, MP-powered wands, AC +15
a: Fly, Bend Time, Temporal Distortion, Slouch, Step From Time, Renounce
Religion
}: 2/15 runes: barnacled, gossamer


You were on level 2 of the Depths.
You worshipped Cheibriados.
Cheibriados was extremely pleased with you.
You were very full.

You visited 9 branches of the dungeon, and saw 37 of its levels.
You also visited: Sewer and Ice Cave.

You collected 3374 gold pieces.
You spent 2840 gold pieces at shops.

Inventory:

Hand Weapons
 a - the +6 shillelagh "Devastator" (weapon) {shatter}
   (You bought it in a shop on level 2 of the Orcish Mines)
 b - a +4 hand crossbow
 s - the +0 hand axe of the Ring {freeze, *Noise rElec rF+ MR+++}
   (You found it on level 2 of the Shoals)

   It has been specially enchanted to freeze those struck by it, causing extra
   injury to most foes and up to half again as much damage against particularly
   susceptible opponents.
   It can also slow down cold-blooded creatures.
   It protects you from fire.
   It insulates you from electricity.
   It affects your resistance to hostile enchantments.
   It may make noises in combat.
 z - a +4 flail of protection
Missiles
 v - 332 bolts
Armour
 g - a +3 scale mail of poison resistance (worn)
 m - a +2 helmet (worn)
 p - a +2 shield of reflection (worn)
 q - a +2 pair of gloves (worn)
 N - a +1 cloak (worn)
 Q - the +2 pair of boots of the Assassin (worn) {DetectMon Stab+ Stlth++}
   (You found it on level 1 of the Depths)

   It makes you much more stealthy.
Jewellery
 k - an uncursed ring of protection from cold
 o - an uncursed ring of ice
 r - an uncursed ring of teleportation
 D - a +3 ring of strength (right hand)
 J - an uncursed ring of fire
 S - an uncursed ring of see invisible
 T - an uncursed ring of fire
 U - an amulet of regeneration (around neck)
 V - a +5 ring of protection (left hand)
Wands
 c - a wand of teleportation (1/9)
 h - a wand of acid (11/15)
 n - a wand of iceblast (3/15)
 t - a wand of digging (10/24)
 w - a wand of disintegration (13/24)
 y - a wand of flame (48/48)
 C - a wand of disintegration (22/24)
 I - a wand of lightning (9/15)
 K - a wand of paralysis (7/24)
 R - a wand of confusion (21/48)
 X - a wand of iceblast (5/15)
 Y - a wand of heal wounds (0/9)
Scrolls
 A - 8 scrolls of remove curse
 F - a scroll of fog
Potions
 d - a potion of might
 e - 5 potions of lignification
 j - 6 potions of mutation
 l - 6 potions of flight
 u - 8 potions of ambrosia
 B - 3 potions of magic
 H - 4 potions of berserk rage
 L - 3 potions of curing
 M - a potion of heal wounds
 O - 5 potions of haste
 P - 2 potions of resistance
 W - 2 potions of invisibility
 Z - 2 potions of cure mutation
Books
 i - a book of Minor Magic

   Spells                             Type                      Level
   a - Magic Dart                     Conjuration                  1
   b - Blink                          Translocation                2
   c - Call Imp                       Summoning                    2
   d - Repel Missiles                 Charms/Air                   2
   e - Slow                           Hexes                        2
   f - Conjure Flame                  Conjuration/Fire             3
   g - Mephitic Cloud                 Conjuration/Poison/Air       3
 E - a book of Misfortune

   Spells                             Type                      Level
   a - Confusing Touch                Hexes                        1
   b - Confuse                        Hexes                        3
   c - Gell's Gravitas                Hexes/Translocation          3
   d - Petrify                        Transmutation/Earth          4
   e - Metabolic Englaciation         Hexes/Ice                    5
   f - Yara's Violent Unravelling     Hexes/Transmutation          5
 G - a book of Cantrips

   Spells                             Type                      Level
   a - Confusing Touch                Hexes                        1
   b - Animate Skeleton               Necromancy                   1
   c - Summon Small Mammal            Summoning                    1
   d - Apportation                    Translocation                1
Comestibles
 f - 12 bread rations
 x - 2 meat rations


   Skills:
 + Level 16.0 Fighting
 + Level 16.6 Maces & Flails
 + Level 7.6 Crossbows
 + Level 12.7 Armour
 + Level 12.6 Dodging
 + Level 22.1 Shields
 + Level 10.9 Invocations
 + Level 1.2 Evocations


You had 20 spell levels left.
You didn't know any spells.

Dungeon Overview and Level Annotations

Branches:
Dungeon (15/15)            Temple (1/1) D:5            Lair (6/6) D:9
 Shoals (4/4) Lair:4       Spider (4/4) Lair:4        Slime (0/5) Lair:6
    Orc (2/2) D:9             Elf (2/3) Orc:2        Vaults (0/5) D:13
 Depths (2/5) D:15           Hell (1/1)
    Dis: Hell:1         Geh: Hell:1         Coc: Hell:1         Tar: Hell:1

Altars:
Ashenzari
Cheibriados
Dithmenos
Elyvilon
Fedhas
Gozag
Hepliaklqana
Kikubaaqudgha
Makhleb
Nemelex Xobeh
Okawaru
Qazlal
Ru
Sif Muna
Trog
Uskayaw
Vehumet
Xom
Yredelemnul
Zin
The Shining One
Beogh

Shops:
D:7 }   D:10 :   D:11 *   D:12 !   D:13 *   D:15 (   Orc:2 ([([   Shoals:1 ?
Shoals:3 =   Depths:1 !%

Portals:
Hell: Lair:6 Depths:1
Pandemonium: Depths:1
Trove: Depths:1 (give 4 scrolls of blinking)

Annotations:
Hell Geryon


Innate Abilities, Weirdness & Mutations

You are resistant to torment.
Your stone body is resilient. (AC +15)
You are immune to poison.
Your large and strong wings let you fly indefinitely.
You resist negative energy. (rN+)
You are resistant to electric shocks. (rElec)
You can survive without breathing.
You are immune to petrification.
You are immune to rotting.
You are very dopey. (Int -4)
You are frail. (-10% HP)
You are occasionally teleported next to monsters.
Your spells are a little harder to cast, but a little more powerful.
You expend magic power (3 MP) to strengthen your wands.


Message History

The white very ugly thing is severely wounded.
The green very ugly thing is almost dead.
You block the green very ugly thing's attack.
You block the white very ugly thing's attack.
You thump the green very ugly thing!
The white very ugly thing shudders.
You kill the green very ugly thing!
Cheibriados appreciates the change of pace.
The white very ugly thing is severely wounded.
The white very ugly thing punches you but does no damage.
You block the white very ugly thing's attack.
You block the purple ugly thing's attack.
You see here a bolt.
You sock the white very ugly thing!
The white very ugly thing and the purple ugly thing shudder.
The white very ugly thing is almost dead.
The purple ugly thing is moderately wounded.
The white very ugly thing is almost dead.
The white very ugly thing punches you!
The white very ugly thing freezes you!!!
You die...

###################.
#...................
#..<................
############†.#####
#..# #†.# #†.#
########uu######
........@.......
.......†....<...
########........
#(....... .........
......... #........
#.......#


You could see a white very ugly thing and a purple ugly thing.

Vanquished Creatures
  A lich (Depths:1)
  Rupert (D:13)
  A deep elf blademaster (Elf:2)
  A hellephant (Depths:1)
  Asterion (Spider:2)
  Ilsuiw (Shoals:4)
  Kirke (D:14)
  A tengu reaver (D:15)
  2 fire giants (Depths:1)
  3 frost giants
  Louise (D:14)
  Aizul (Shoals:4)
  An orc warlord (Orc:1)
  9 emperor scorpions
  The ghost of CcS the Severer, a journeyman FoFi of Okawaru (Spider:1)
  2 ghost moths (Spider:4)
  8 very ugly things
  The ghost of hairmachine the Cleaver, a journeyman DsFi of Nemelex Xobeh (D:14)
  5 entropy weavers
  A deep elf demonologist (Elf:2)
  A stone giant (Depths:1)
  3 dire elephants
  A spark wasp (Spider:3)
  3 ettins
  6 merfolk javelineers (Shoals:4)
  7 merfolk impalers (Shoals:4)
  Snorg (D:10)
  4 yaktaur captains
  Josephine (D:11)
  A rakshasa (Depths:1)
  2 fire dragons (Depths:1)
  8 hydras
  2 hell beasts
  3 catoblepae
  3 ice dragons
  An anaconda (Lair:5)
  5 centaur warriors
  3 alligator snapping turtles
  A satyr (Shoals:3)
  An ogre mage (Depths:1)
  2 merfolk avatars (Shoals:4)
  8 merfolk aquamancers
  A deep troll shaman (Depths:1)
  3 deep troll earth magi (Depths:1)
  4 tengu warriors
  19 deep elf knights
  15 death yaks
  20 dancing weapons
  Urug (Lair:2)
  4 unseen horrors
  13 sea snakes
  11 deep trolls (Depths:1)
  2 wizards
  8 deep elf archers
  4 hill giants
  An orc knight (Orc:2)
  2 lindwurms (Lair:6)
  24 harpies
  6 orc sorcerers (Orc:2)
  28 orb spiders
  A necromancer (Depths:1)
  34 wolf spiders
  4 oklob plants (Lair:2)
  43 deep elf magi
  16 cyclopes
  45 ugly things
  10 manticores
  21 fauns
  3 moths of wrath
  Maurice (D:13)
  7 sirens
  10 black mambas
  3 elephants (Lair:6)
  5 water nymphs
  Psyche (D:10)
  A rust devil (Depths:1)
  10 spiny frogs
  4 torpor snails
  An ice statue (IceCv)
  2 gargoyles (D:14)
  4 rime drakes
  A komodo dragon (shapeshifter) (Depths:1)
  5 komodo dragons
  4 yaktaurs
  3 red devils (Lair:6)
  15 demonic crawlers
  A freezing wraith (D:14)
  An efreet (D:15)
  5 ice devils
  A hellwing (Lair:6)
  39 jumping spiders
  A queen bee (Lair:3)
  15 polar bears (IceCv)
  8 wind drakes
  2 tengu conjurers
  A merfolk (shapeshifter) (D:15)
  4 two-headed ogres
  22 merfolk
  2 hornets
  7 trolls
  14 hippogriffs
  7 slime creatures
  A spriggan zombie (Depths:1)
  A raiju (shapeshifter) (Depths:1)
  11 snapping turtles
  12 blink frogs
  A harpy skeleton (D:13)
  8 dream sheep
  13 water elementals
  5 wraiths
  2 air elementals (Elf:2)
  2 deep troll skeletons (Depths:1)
  118 redbacks
  4 wyverns
  2 shadows
  Grum (D:10)
  43 tarantellas
  3 fire elementals
  Eustachio (D:5)
  3 vampire mosquitoes (D:11)
  64 yaks
  A hungry ghost (D:13)
  11 basilisks
  3 neqoxecs (Depths:1)
  8 wargs (Orc:2)
  A human zombie (Depths:1)
  2 mottled dragons
  A soldier ant (D:13)
  A hell hound (Lair:6)
  24 water moccasins
  13 porcupines
  3 black bears
  23 orc warriors
  12 ice beasts
  A hornet zombie (D:15)
  20 ogres
  6 sky beasts
  An ettin simulacrum (Depths:1)
  26 wolves
  3 phantoms
  5 boggarts (Depths:1)
  17 centaurs
  8 big kobolds
  20 crocodiles
  4 earth elementals
  18 bullfrogs
  4 wyvern zombies
  2 gnoll sergeants (Orc:2)
  6 scorpions
  A wyvern skeleton (D:15)
  28 killer bees
  3 howler monkeys
  4 electric eels
  9 crimson imps
  A bullfrog zombie (D:13)
  5 centaur zombies
  6 centaur skeletons
  3 quasits
  14 orc priests
  8 hounds
  7 jellies
  42 orc wizards
  A bullfrog skeleton (D:4)
  2 iron imps (Depths:1)
  13 worker ants
  4 iguanas
  4 hell rats (Lair:4)
  A hound skeleton (D:4)
  Robin (D:4)
  2 worker ant zombies
  23 adders
  6 gnolls
  A river rat (Sewer)
  5 shadow imps
  A white imp (Depths:1)
  3 oozes (Sewer)
  2 adder skeletons (D:3)
  3 worms
  3 dart slugs
  3 leopard geckos
  105 orcs
  4 ball pythons
  3 giant cockroaches
  15 goblins
  5 hobgoblins
  13 jackals
  4 quokkas
  10 bats
  2 frilled lizards
  25 kobolds
  A leopard gecko skeleton (D:6)
  A quokka skeleton (D:10)
  11 rats
  A fungus (D:9)
  3 plants
1611 creatures vanquished.

Vanquished Creatures (collateral kills)
  Nessos (D:15)
  A jelly (D:15)
2 creatures vanquished.

Vanquished Creatures (others)
  A vampire knight (Depths:1)
  An entropy weaver (Spider:3)
  A spark wasp (Spider:3)
  2 deep elf archers (Elf:1)
  A harpy (Shoals:3)
  A deep elf mage (Elf:1)
  An orb spider (Spider:3)
  A yaktaur (Depths:1)
  A merfolk (Shoals:4)
  A jumping spider (Spider:4)
  A water elemental (Shoals:4)
  3 humans (D:14)
  An orc wizard (Orc:2)
  An adder (D:6)
  2 orcs (Orc:2)
  16 fungi
  10 plants
  10 tentacles (Shoals:4)
  A withered plant (Shoals:4)
56 creatures vanquished.

Grand Total: 1669 creatures vanquished

Notes
Turn   | Place    | Note
-------+----------+-------------------------------------------
     0 | D:1      | poirepourri the Gargoyle Fighter began the quest for the Orb.
     0 | D:1      | Reached XP level 1. HP: 14/14 MP: 1/1
   157 | D:1      | Reached XP level 2. HP: 16/20 MP: 2/2
   664 | D:1      | Reached XP level 3. HP: 24/24 MP: 3/3
  1744 | D:3      | Reached XP level 4. HP: 29/30 MP: 4/4
  2140 | D:3      | Reached XP level 5. HP: 34/34 MP: 5/5
  2219 | D:4      | Reached skill level 1 in Dodging
  2397 | D:4      | Reached skill level 5 in Fighting
  2421 | D:4      | Noticed Robin
  2430 | D:4      | Noticed an ogre
  2449 | D:4      | Killed an ogre
  2449 | D:4      | Reached XP level 6. HP: 21/40 MP: 6/6
  2457 | D:4      | Killed Robin
  3058 | D:4      | Reached skill level 5 in Maces & Flails
  3058 | D:4      | Reached XP level 7. HP: 37/44 MP: 7/7
  3457 | D:5      | Entered Level 5 of the Dungeon
  3457 | D:5      | Noticed Eustachio
  3754 | D:5      | Killed Eustachio
  4042 | D:5      | Found a staircase to the Ecumenical Temple.
  4056 | Temple   | Entered the Ecumenical Temple
  4257 | Temple   | Became a worshipper of Cheibriados the Contemplative
  4755 | D:5      | Reached XP level 8. HP: 44/51 MP: 8/8
  5617 | D:6      | Reached * piety under Cheibriados
  5732 | D:6      | Found a glowing drain.
  5832 | Sewer    | Entered a sewer
  5971 | Sewer    | Reached ** piety under Cheibriados
  6493 | D:6      | Reached XP level 9. HP: 47/56 MP: 9/9
  6590 | D:6      | Found a stormy altar of Qazlal.
  6895 | D:7      | Reached skill level 5 in Dodging
  7489 | D:7      | Found Tuxer's Gadget Shop.
  7764 | D:7      | Reached *** piety under Cheibriados
  8356 | D:7      | Reached skill level 10 in Maces & Flails
  8933 | D:8      | Found a glowing golden altar of the Shining One.
  8933 | D:8      | Found an ancient bone altar of Kikubaaqudgha.
  9056 | D:8      | Reached **** piety under Cheibriados
  9056 | D:8      | Reached XP level 10. HP: 63/63 MP: 10/10
  9369 | D:8      | Noticed a three-headed hydra
  9385 | D:8      | Killed a three-headed hydra
  9815 | D:9      | Found a staircase to the Orcish Mines.
  9861 | D:9      | Found a hide-covered altar of Uskayaw.
  9945 | D:9      | Reached ***** piety under Cheibriados
 10004 | D:9      | Killed an unseen horror
 10004 | D:9      | Reached skill level 4 in Shields
 10004 | D:9      | Reached XP level 11. HP: 29/69 MP: 11/11
 10306 | D:9      | Found a staircase to the Lair.
 10439 | D:9      | Found a roughly hewn altar of Beogh.
 10564 | D:10     | Entered Level 10 of the Dungeon
 10574 | D:10     | Noticed a hill giant
 10585 | D:10     | Killed a hill giant
 10658 | D:10     | Noticed Psyche
 10682 | D:10     | Killed Psyche
 10682 | D:10     | Reached skill level 1 in Invocations
 10867 | D:10     | Reached skill level 5 in Shields
 10905 | D:10     | Noticed Grum
 10910 | D:10     | Noticed Snorg
 10917 | D:10     | Killed Grum
 10920 | D:10     | Reached skill level 5 in Armour
 10928 | D:10     | Killed Snorg
 11023 | D:10     | Found Osutotox's Book Boutique.
 11080 | D:10     | Reached skill level 6 in Shields
 11284 | D:11     | Noticed Josephine
 11296 | D:11     | Killed Josephine
 11428 | D:11     | Found Henlau's General Store.
 11516 | D:11     | Noticed a cyclops
 11532 | D:11     | Killed a cyclops
 11532 | D:11     | Reached XP level 12. HP: 33/76 MP: 12/12
 11560 | D:11     | Reached skill level 7 in Shields
 12131 | D:12     | Found Ocimez's Distillery.
 12330 | D:7      | Bought a wand of heal wounds (3/9) for 546 gold pieces
 13148 | D:12     | Reached skill level 8 in Shields
 13270 | D:12     | Reached skill level 10 in Fighting
 13691 | Lair:1   | Entered Level 1 of the Lair of Beasts
 14046 | Lair:1   | Noticed a five-headed hydra
 14056 | Lair:1   | Killed a five-headed hydra
 14837 | Lair:2   | Noticed Urug
 14852 | Lair:2   | Killed Urug
 14852 | Lair:2   | Reached skill level 9 in Shields
 15330 | Lair:2   | Reached XP level 13. HP: 82/82 MP: 14/14
 15512 | Lair:2   | HP: 1/82 [acid (15)]
 16309 | Lair:3   | Reached skill level 10 in Shields
 17194 | Lair:3   | Reached skill level 11 in Shields
 17951 | Lair:4   | Gained mutation: Your large and strong wings let you fly indefinitely. [Gargoyle growth]
 17951 | Lair:4   | Reached XP level 14. HP: 85/88 MP: 17/17
 18357 | Lair:4   | Found a hole to the Spider Nest.
 18425 | Spider:1 | Entered Level 1 of the Spider Nest
 18752 | Lair:4   | You fall through a shaft for 2 floors!
 18752 | Lair:6   | Entered Level 6 of the Lair of Beasts
 18763 | Lair:6   | Reached skill level 5 in Invocations
 18782 | Lair:6   | Found a staircase to the Slime Pits.
 19205 | Lair:5   | Reached skill level 12 in Shields
 19591 | Lair:4   | Found a staircase to the Shoals.
 21270 | Lair:6   | Noticed a dire elephant
 21292 | Lair:6   | Killed a dire elephant
 21364 | Lair:6   | Reached skill level 13 in Shields
 21389 | Lair:6   | Reached XP level 15. HP: 53/95 MP: 20/20
 21760 | Lair:6   | Found a burning altar of Makhleb.
 22909 | Lair:6   | Found a gateway to Hell.
 22921 | Hell     | Entered the Vestibule of Hell
 22921 | Hell     | Noticed Geryon
 23169 | D:11     | Bought a +1 pair of boots of stealth for 214 gold pieces
 23169 | D:11     | Bought a potion of heal wounds for 65 gold pieces
 23169 | D:11     | Bought a scroll of enchant weapon for 97 gold pieces
 23338 | D:13     | Found Ohey's Assorted Antiques.
 23343 | D:13     | Bought a scroll of identify for 58 gold pieces
 23343 | D:13     | Bought an ancient war axe for 246 gold pieces
 23544 | D:13     | Found a gate to the Vaults.
 23546 | D:13     | Noticed Maurice
 23584 | D:13     | Killed Maurice
 23716 | D:13     | Noticed Rupert
 23738 | D:13     | Killed Rupert
 23831 | D:13     | Reached skill level 15 in Maces & Flails
 24375 | D:14     | Found a frozen archway.
 24413 | IceCv    | Entered an ice cave
 24556 | IceCv    | Reached skill level 14 in Shields
 24991 | IceCv    | Noticed a frost giant
 25008 | IceCv    | Killed a frost giant
 25040 | IceCv    | Reached ****** piety under Cheibriados
 25513 | D:14     | Noticed Kirke
 25524 | D:14     | Noticed a sphinx
 25526 | D:14     | Killed Kirke
 25526 | D:14     | Reached XP level 16. HP: 85/103 MP: 22/22
 25552 | D:14     | Noticed hairmachine's ghost (journeyman DsFi)
 25592 | D:14     | Killed hairmachine's ghost
 25666 | D:14     | Noticed Louise
 25680 | D:14     | Killed Louise
 26180 | D:14     | Reached skill level 15 in Shields
 26383 | D:15     | Entered Level 15 of the Dungeon
 26464 | D:15     | Found Geing's Antique Weapon Shop.
 26602 | D:15     | Noticed Nessos
 26621 | D:15     | Killed Nessos
 26877 | D:15     | Found a shimmering altar of Xom.
 26926 | D:15     | Found a staircase to the Depths.
 27961 | Orc:1    | Entered Level 1 of the Orcish Mines
 28402 | Orc:2    | Entered Level 2 of the Orcish Mines
 28527 | Orc:2    | Reached skill level 1 in Crossbows
 28722 | Orc:2    | Found a staircase to the Elven Halls.
 28935 | Orc:2    | Paralysed by an orc sorcerer for 6 turns
 28961 | Orc:2    | Found a roughly hewn altar of Beogh.
 28976 | Orc:2    | Found Fuvyututi's Antique Weapon Shop.
 29018 | Orc:2    | Found Esebaehu's Antique Armour Shoppe.
 29079 | Orc:2    | Found Ynourhaw's Antique Weapon Shop.
 29099 | Orc:2    | Paralysed by an orc sorcerer for 3 turns
 29147 | Orc:2    | Found Ceecowko's Armour Shoppe.
 29616 | Elf:1    | Entered Level 1 of the Elven Halls
 30162 | Shoals:1 | Entered Level 1 of the Shoals
 30172 | Shoals:1 | Found Oskanlae's Magic Scroll Shop.
 30450 | Shoals:1 | Reached skill level 16 in Shields
 30465 | Shoals:1 | Reached skill level 10 in Armour
 30837 | Shoals:1 | Reached XP level 17. HP: 109/109 MP: 24/24
 31323 | Shoals:2 | Gained mutation: Your spells are a little harder to cast, but a little more powerful. [potion of beneficial mutation]
 31412 | Shoals:2 | Got a brightly glowing hand axe
 31413 | Shoals:2 | Identified the +0 hand axe of the Ring {freeze, *Noise rElec rF+ MR+++} (You found it on level 2 of the Shoals)
 32580 | Shoals:3 | Reached skill level 5 in Crossbows
 32706 | Shoals:3 | Found Ettapran's Jewellery Boutique.
 33050 | Orc:2    | Bought the +6 shillelagh "Devastator" {shatter} for 1254 gold pieces
 33428 | Shoals:4 | Entered Level 4 of the Shoals
 33516 | Shoals:4 | Reached skill level 10 in Dodging
 33540 | Shoals:4 | Noticed Aizul
 33715 | Shoals:4 | Reached skill level 1 in Evocations
 33774 | Shoals:4 | Reached skill level 17 in Shields
 33823 | Shoals:4 | Noticed Ilsuiw
 34468 | Shoals:4 | Reached XP level 18. HP: 116/116 MP: 25/25
 34551 | Shoals:4 | Killed Aizul
 34807 | Shoals:4 | Killed Ilsuiw
 35750 | Shoals:4 | Got a barnacled rune of Zot
 35785 | Shoals:4 | Identified a +1 pair of boots of running (You found it on level 4 of the Shoals)
 36300 | Spider:1 | Noticed CcS's ghost (journeyman FoFi)
 36335 | Spider:1 | Killed CcS's ghost
 36383 | Spider:1 | Reached skill level 18 in Shields
 37907 | Spider:3 | Noticed Asterion
 38119 | Spider:2 | Killed Asterion
 38268 | Spider:3 | Reached XP level 19. HP: 122/122 MP: 26/26
 38318 | Spider:3 | Reached skill level 10 in Invocations
 38647 | Spider:3 | Reached skill level 19 in Shields
 38878 | Spider:4 | Entered Level 4 of the Spider Nest
 39969 | Spider:4 | Reached skill level 20 in Shields
 40126 | Spider:4 | Got a gossamer rune of Zot
 40698 | Elf:1    | Reached skill level 15 in Fighting
 41102 | Elf:1    | Reached XP level 20. HP: 129/129 MP: 27/27
 42360 | Elf:2    | Found a huge runed gate.
 42360 | Elf:2    | Found a huge runed gate.
 42360 | Elf:2    | Found a huge runed gate.
 42839 | Elf:2    | Reached skill level 21 in Shields
 43653 | D:11     | Bought 2 potions of resistance for 260 gold pieces
 43809 | Depths:1 | Entered Level 1 of the Depths
 44381 | Depths:1 | Reached XP level 21. HP: 55/135 MP: 29/29
 44583 | Depths:1 | Found Ythrumm's Distillery.
 44626 | Depths:1 | Found Deqeneuni's Food Shop.
 44696 | Depths:1 | Bought a potion of heal wounds for 100 gold pieces
 44844 | Depths:1 | Paralysed by a vampire knight for 6 turns
 45004 | Depths:1 | Gained mutation: You are occasionally teleported next to monsters. [a neqoxec]
 45006 | Depths:1 | Gained mutation: You are dopey. (Int -2) [a neqoxec]
 45006 | Depths:1 | Gained mutation: You are very dopey. (Int -4) [a neqoxec]
 45006 | Depths:1 | Gained mutation: You expend magic power (3 MP) to strengthen your wands. [a neqoxec]
 45007 | Depths:1 | Gained mutation: You are frail. (-10% HP) [a neqoxec]
 45016 | Depths:1 | Found a one-way gate leading to the halls of Pandemonium.
 45267 | Depths:1 | Found a portal to a secret trove of treasure.
 45657 | Depths:1 | Reached skill level 22 in Shields
 46184 | Depths:2 | Slain by a white very ugly thing

Vault maps used:
D:1:      dpeg_arrival_concentric_ovals
D:2:      kennysheep_generic_room_13
D:3:      first_bread
D:4:      st_stairs_1, kennysheep_another_room,
          minmay_a_box_with_orc_wizards_in_it, uniq_robin
D:5:      uniq_eustachio
D:6:      gup_sewer_entry_glass, nicolae_qazlal_eye_of_the_storm
D:7:      black_bear_nest_2, serial_shops, shop
D:8:      grunt_temple_overflow_open, hangedman_ranch
D:9:      eat_drink_and_be_merry_uskayaw, due_lair_maze_entry_diamond,
          minmay_orc_entry_temple_small, minmay_misc_feat_secret_circle
D:10:     serial_shops, nicolae_shop_crystal, uniq_psyche, uniq_grum, uniq_snorg
D:11:     serial_shops, shop, uniq_josephine
D:12:     serial_shops, nicolae_shop_trees
D:13:     david_vaults_2, serial_shops, nicolae_shop_stone, nrook_loot_triangle,
          uniq_maurice, uniq_rupert
D:14:     serial_park_square2, portal_ice_cave_entry_pillars_1,
          grunt_ministairs_3, uniq_kirke, uniq_louise
D:15:     hangedman_depths_entry_try_elsewhere_first, minmay_misc_feat_ornament,
          serial_shops, nicolae_shop_statue_plus, roderic_serpentine_path,
          xom_teletrap_fun, uniq_nessos
Temple:   dpeg_five_rooms_temple
Lair:1:   grunt_megastairs_3
Lair:2:   minmay_lair_oklob_tunnel, minivault_26, uniq_urug
Lair:3:   regret_index_tunnel_blossom, st_stairs_6, patterned_corridor,
          infiniplex_staircase_pool
Lair:4:   minmay_shoals_entry_hut, spider_nest_entry_a
Lair:5:   beast_lair_carwin_large_2
Lair:6:   evil_forest, minmay_slime_entry_pillars
Shoals:1: serial_shops, shop_statue, ldierk_geyser, kb_tengu_band
Shoals:3: serial_shops, nicolae_shop_waterfront, st_shoals_ruin
Shoals:4: shoals_end_simple, shoal_ilsuiw, argonaut_gorgonesque, uniq_aizul
Spider:3: uniq_asterion
Spider:4: grunt_spider_rune_circles
Orc:2:    st_orc_town, sword_in_stone
Elf:1:    elf_arrival_001, minmay_elf_crystal_hexagon, minmay_strange_pillars,
          minmay_crystal_room
Elf:2:    lemuel_elevator
Depths:1: nicolae_trove_entry_crossroad, grunt_pan_entry_sceptre, hell_entry,
          kennysheep_two_boxes, grunt_megastairs_1, minmay_shoptagon,
          serial_bayou_shore_b
Depths:2: minmay_connected_triangles_in_corner, hell_entry,
          minmay_staircase_bubble, minivault_16, hangedman_corner_corridor,
          firewood_loft
Sewer:    sewer_co_15_rooms
IceCv:    ice_cave_caverns_01

Skill      XL: |  1  2  3  4  5  6  7  8  9 10 11 12 13 14 15 16 17 18 19 20 21 |
---------------+----------------------------------------------------------------+-----
Fighting       | 4 5 6 7 8 9 10 11 12 13 14 15 16 | 16.0
Maces & Flails | 3 4 5 6 8 10 12 13 14 15 16 | 16.6
Dodging        | 1 2 3 4 5 6 7 8 9 10 11 12 | 12.6
Armour         | 4 5 7 8 9 10 11 12 | 12.7
Shields        | 4 6 9 11 13 14 16 17 18 20 21 22 | 22.1
Invocations    | 1 2 4 7 9 10 | 10.9
Crossbows      | 2 5 6 7 |  7.6
Evocations     | 1 |  1.2

Action                   |  1- 3 |  4- 6 |  7- 9 | 10-12 | 13-15 | 16-18 | 19-21 || total
-------------------------+-------+-------+-------+-------+-------+-------+-------++-------
Melee: Flail             |   122 |    20 |    24 |   800 |  1900 |   964 |       ||  3830
       Mace              |       |   119 |   572 |       |       |       |       ||   691
       Shillelagh        |       |       |       |       |       |   716 |   914 ||  1630
 Fire: Hand crossbow     |       |       |       |       |       |   395 |   113 ||   508
Throw: Javelin           |       |       |       |       |       |     9 |       ||     9
Invok: Bend Time         |       |       |     1 |     2 |       |       |       ||     3
       Slouch            |       |       |       |     7 |    19 |    29 |    23 ||    78
       Temporal Distorti |       |       |       |       |     1 |       |       ||     1
Evoke: Wand              |       |       |     1 |       |     3 |    12 |       ||    16
  Use: Scroll            |     9 |     2 |    20 |     5 |    20 |    27 |     7 ||    90
       Potion            |       |       |     2 |       |    18 |    20 |     1 ||    41
 Stab: Sleeping          |       |       |       |       |     1 |       |     1 ||     2
       Distracted        |       |       |       |       |       |       |     2 ||     2
  Eat: Royal jelly       |     1 |       |     3 |       |     4 |       |     1 ||     9
       Bread ration      |     1 |       |       |       |       |       |       ||     1
       Fruit             |       |     3 |       |     4 |     5 |     6 |       ||    18
       Meat ration       |       |       |     2 |       |       |     5 |     4 ||    11
       Pizza             |       |       |       |     6 |       |     2 |       ||     8
       Beef jerky        |       |       |       |       |     7 |     1 |       ||     8
Armor: Scale mail        |    93 |    91 |   356 |   348 |   597 |   937 |   702 ||  3124
Dodge: Dodged            |    56 |    49 |   232 |   370 |  1027 |  1394 |  1123 ||  4251
Block: Shield            |    96 |   104 |   436 |   717 |  2069 |  2547 |  1515 ||  7484
       Reflection        |       |       |       |       |       |     7 |    43 ||    50
